 Dungeon Crawl Stone Soup version 0.19-a0-1922-g1e9a4c1 (webtiles) character file.

30539 kae the Victor of a Thousand Battles (level 13, -2/106 HPs)
             Began as a Formicid Fighter on Oct 24, 2016.
             Was the Champion of Okawaru.
             Killed from afar by a raiju (18 damage)
             ... with a living lightning
             ... on level 1 of the Abyss.
             The game lasted 00:21:49 (12755 turns).

kae the Victor of a Thousand Battles (FoFi)        Turns: 12755, Time: 00:21:50

Health: -2/106     AC: 17    Str: 28    XL:     13   Next: 89%
Magic:  23/23      EV:  7    Int:  9    God:    Okawaru [******]
Gold:   799        SH: 17    Dex: 10    Spells: 0 memorised, 12 levels left

rFire  + + .     SeeInvis +     E - +2 great sword (drain)
rCold  . . .     Gourm    .     S - +2 plate armour {rF+}
rNeg   + . .     Faith    .     c - +0 shield
rPois  +         Spirit   .     (helmet unavailable)
rElec  .         Reflect  +     o - +0 cloak of the Assorted Curses {rN+ Regen+ Str+3}
rCorr  .         Harm     .     (no gloves)
MR     +....                    N - +2 pair of boots
Stlth  ..........               H - +4 amulet of reflection
                                J - ring of protection from fire
                                h - ring of poison resistance

@: finesse
A: permanent stasis, dig shafts and tunnels, four strong arms, antennae 3
a: Dig, Shaft Self, Heroism, Finesse, Renounce Religion


You were on level 1 of the Abyss.
You worshipped Okawaru.
Okawaru was exalted by your worship.
You were very hungry.

You visited 4 branches of the dungeon, and saw 17 of its levels.
You visited the Abyss 1 time.
You also visited: Ossuary.

You collected 1097 gold pieces.
You spent 298 gold pieces at shops.

Inventory:

Hand Weapons
 E - a +2 great sword of draining (weapon)
 R - a +1 long sword of holy wrath
 Z - a +2 falchion of slicing
Armour
 c - a +0 shield (worn)
 j - a +2 pair of gloves of strength
 o - the +0 cloak of the Assorted Curses (worn) {rN+ Regen+ Str+3}
   (Okawaru gifted it to you on level 9 of the Dungeon)

   It affects your strength (+3).
   It protects you from negative energy.
   It increases your rate of regeneration.
 r - a +0 pair of gloves
 N - a +2 pair of boots (worn)
 S - a +2 plate armour of fire resistance (worn)
Jewellery
 h - a ring of poison resistance (left hand)
 u - an uncursed ring of positive energy
 y - an uncursed ring of protection from magic
 H - a +4 amulet of reflection (around neck)
 J - a ring of protection from fire (right hand)
Wands
 e - a wand of iceblast (7/15)
Scrolls
 g - a scroll of vulnerability {unknown}
 q - 5 scrolls of magic mapping
 B - 4 scrolls of identify
Potions
 d - 4 potions of might
 i - 2 potions of resistance
 l - 3 potions of heal wounds
 n - 4 potions of invisibility
 v - 5 potions of lignification
 w - 3 potions of agility
 x - 13 potions of curing
 G - 2 potions of flight
 T - 2 potions of cancellation
Comestibles
 a - 2 fruits
 b - 17 royal jellies
 f - 5 bread rations


   Skills:
 + Level 11.1 Fighting
 * Level 13.3 Long Blades
 - Level 3.2 Armour
 + Level 12.1 Shields
 * Level 13.8 Invocations


You had 12 spell levels left.
You didn't know any spells.

Dungeon Overview and Level Annotations

Branches:
Dungeon (12/15)            Temple (1/1) D:4            Lair (3/6) D:10
  Swamp (0/4) Lair:2       Spider (0/4) Lair:2          Orc (1/2) D:11

Altars:
Ashenzari
Cheibriados
Dithmenos
Elyvilon
Fedhas
Gozag
Hepliaklqana
Kikubaaqudgha
Makhleb
Nemelex Xobeh
Okawaru
Qazlal
Ru
Sif Muna
Trog
Vehumet
Xom
Yredelemnul
Zin
The Shining One

Shops:
D:6 !**   D:10 }

Annotations:
D:3 KarmaPolice's ghost, amateur HaHu
Lair:3 Sonja


Innate Abilities, Weirdness & Mutations

You are under a permanent stasis effect.
You can dig through walls and to a lower floor.
Your four strong arms can wield two-handed weapons with a shield.
You have a pair of large antennae on your head. (SInv)


Message History

The raiju is heavily wounded.
You closely miss the raiju.
The raiju is heavily wounded.
The raiju bites you.
* * * LOW HITPOINT WARNING * * *
The raiju shocks you!
* * * LOW HITPOINT WARNING * * *
You miss the raiju.
The raiju is heavily wounded.
You hit the raiju but do no damage. You drain the raiju!
The raiju is heavily wounded.
You block the raiju's attack.
You slice the raiju!!
You kill the raiju!
Okawaru accepts your kill.
You hit the raiju.
The raiju is lightly wounded.
The raiju bursts into living lightning!
The living lightning hits you!
You die...

#... ....h.. .
. ####.## .###
. #.# # .# .#
#.# ){ #. #.# #
{# . #.# #. ..
#.# . .
######h#.##.#
.. . .
#....@........
.
###############
.. . .. .. . #


You could see a raiju.

Vanquished Creatures
  A Hell Sentinel (Abyss:1)
  Gastronok (Orc:1)
  2 unseen horrors
  3 starcursed masses (Abyss:1)
  3 hill giants
  An orc knight (Orc:1)
  A cyclops (D:12)
  An ugly thing (D:12)
  Joseph (D:9)
  A black mamba (Lair:1)
  8 spiny frogs
  A kobold demonologist (D:12)
  A rime drake (Lair:1)
  4 komodo dragons
  2 trolls
  3 jumping spiders (Lair:2)
  2 queen bees
  7 hippogriffs
  3 hornets
  A two-headed ogre (D:10)
  12 blink frogs
  2 raiju (Abyss:1)
  2 wyverns
  3 redbacks (Lair:2)
  A basilisk (Lair:2)
  11 yaks
  2 hungry ghosts
  The ghost of Raykoid666 the Charmwright, an amateur DsSk (D:5)
  A warg (Orc:1)
  Duvessa (D:4)
  A small abomination (Abyss:1)
  3 porcupines
  A sky beast (D:7)
  3 water moccasins
  7 orc warriors
  A black bear (D:6)
  3 phantoms
  2 necrophages
  7 ogres
  3 crocodiles
  7 centaurs
  17 bullfrogs
  A big kobold (D:7)
  A gnoll sergeant (D:7)
  A wyvern zombie (D:8)
  Dowan (D:4)
  5 water moccasin zombies
  A wyvern skeleton (D:10)
  4 scorpions
  42 killer bees
  A howler monkey (D:5)
  A crimson imp (D:10)
  3 bullfrog zombies
  7 hounds
  2 jellies
  9 orc priests
  11 orc wizards
  A centaur skeleton (D:8)
  4 iguanas
  7 worker ants
  A big kobold zombie (Ossuary)
  A hound skeleton (D:10)
  2 mummies (Ossuary)
  7 gnolls
  A worker ant zombie (D:7)
  12 adders
  A river rat (D:4)
  5 shadow imps
  An ooze (D:7)
  8 adder zombies
  An adder skeleton (D:5)
  3 worms
  A dart slug (D:1)
  A leopard gecko (D:4)
  37 orcs
  7 giant cockroaches
  A gnoll zombie (Ossuary)
  8 goblins
  7 hobgoblins
  23 jackals
  7 quokkas
  A ball python (D:2)
  6 bats
  3 frilled lizards
  6 hobgoblin zombies (Ossuary)
  10 kobolds
  5 kobold zombies (Ossuary)
  4 orc zombies (Ossuary)
  6 rats
416 creatures vanquished.

Vanquished Creatures (collateral kills)
  An ogre (Orc:1)
  An orc (Orc:1)
2 creatures vanquished.

Vanquished Creatures (others)
  3 centaurs
  An orc wizard (D:9)
4 creatures vanquished.

Grand Total: 422 creatures vanquished

Notes
Turn   | Place    | Note
-------+----------+-------------------------------------------
     0 | D:1      | kae the Formicid Fighter began the quest for the Orb.
     0 | D:1      | Reached XP level 1. HP: 18/18 MP: 1/1
   140 | D:1      | Reached XP level 2. HP: 24/24 MP: 2/2
   679 | D:2      | Reached XP level 3. HP: 25/29 MP: 3/3
  1421 | D:3      | Noticed KarmaPolice's ghost (amateur HaHu)
  1564 | D:3      | Reached XP level 4. HP: 36/37 MP: 4/4
  2202 | D:2      | Reached XP level 5. HP: 41/42 MP: 5/5
  2313 | D:4      | Found a staircase to the Ecumenical Temple.
  2361 | Temple   | Entered the Ecumenical Temple
  2376 | Temple   | Became a worshipper of Warmaster Okawaru
  2448 | D:4      | Reached skill level 5 in Shields
  2476 | D:4      | Found a white marble altar of Elyvilon.
  2478 | D:4      | Noticed an ogre
  2496 | D:4      | Found a glowing drain.
  2510 | D:4      | Killed an ogre
  2510 | D:4      | Reached XP level 6. HP: 32/49 MP: 6/6
  2552 | D:4      | Reached * piety under Okawaru
  2597 | D:4      | Reached XP level 7. HP: 55/55 MP: 7/7
  2624 | D:4      | Reached skill level 5 in Long Blades
  2721 | D:4      | Noticed Duvessa
  2723 | D:4      | Noticed Dowan
  2748 | D:4      | Killed Duvessa
  2748 | D:4      | Reached skill level 5 in Fighting
  2766 | D:4      | Killed Dowan
  2928 | D:4      | Found a hazy altar of Hepliaklqana.
  3252 | D:5      | Entered Level 5 of the Dungeon
  3468 | D:5      | Noticed Raykoid666's ghost (amateur DsSk)
  3478 | D:5      | Reached ** piety under Okawaru
  3615 | D:5      | Reached XP level 8. HP: 63/63 MP: 8/8
  3724 | D:5      | Killed Raykoid666's ghost
  3759 | D:5      | Found a bloodstained altar of Trog.
  3984 | D:5      | Reached skill level 1 in Invocations
  4128 | D:5      | Found a stormy altar of Qazlal.
  4312 | D:6      | Found Nytagal's Assorted Antiques.
  4315 | D:6      | Bought a scroll labeled LUOFOMUYVY for 21 gold pieces
  4315 | D:6      | Bought a scroll labeled DAEFEN SAMPAUL for 21 gold pieces
  4367 | D:6      | Found a shimmering altar of Xom.
  4613 | D:6      | Reached *** piety under Okawaru
  4621 | D:6      | Found Taruy's Distillery.
  4695 | D:6      | Bought a potion of curing for 36 gold pieces
  4746 | D:6      | Found a shattered altar of Ashenzari.
  4793 | D:6      | Found a faded altar of an unknown god.
  4793 | D:6      | Found a glowing golden altar of the Shining One.
  4798 | D:6      | Found a faded altar of an unknown god.
  4800 | D:6      | Found a sparkling altar of Nemelex Xobeh.
  4802 | D:6      | Found a faded altar of an unknown god.
  4907 | D:6      | Reached XP level 9. HP: 70/70 MP: 11/11
  4912 | D:6      | Bought a runed cloak for 220 gold pieces
  4956 | D:6      | Found Peylem's General Store.
  5088 | D:7      | Found a deep blue altar of Sif Muna.
  5164 | D:7      | Found an ancient bone altar of Kikubaaqudgha.
  5289 | D:7      | Found a sand-covered staircase.
  5297 | Ossuary  | Entered an ossuary
  5571 | D:7      | Reached skill level 5 in Invocations
  5841 | D:7      | Found a blossoming altar of Fedhas.
  6154 | D:7      | Reached **** piety under Okawaru
  6268 | D:8      | Noticed a hippogriff
  6280 | D:8      | Killed a hippogriff
  6280 | D:8      | Reached XP level 10. HP: 65/79 MP: 11/14
  7158 | D:9      | Reached ***** piety under Okawaru
  7175 | D:9      | Received a gift from Okawaru
  7178 | D:9      | Got a warped cloak {god gift}
  7189 | D:9      | Identified the +0 cloak of the Assorted Curses {rN+ Regen+ Str+3} (Okawaru gifted it to you on level 9 of the Dungeon)
  7250 | D:9      | Noticed Joseph
  7262 | D:9      | Killed Joseph
  7715 | D:10     | Entered Level 10 of the Dungeon
  7722 | D:10     | Noticed a hill giant
  7741 | D:10     | Reached XP level 11. HP: 67/85 MP: 17/17
  7760 | D:10     | Reached skill level 10 in Long Blades
  7773 | D:10     | Killed a hill giant
  7993 | D:10     | Reached skill level 10 in Invocations
  8136 | D:10     | Found Dobluutz's Gadget Shoppe.
  8161 | D:10     | Found a staircase to the Lair.
  8342 | D:10     | Noticed an unseen horror
  8368 | D:10     | Killed an unseen horror
  8375 | D:10     | Found a blossoming altar of Fedhas.
  8573 | D:11     | Noticed an unseen horror
  8585 | D:11     | Killed an unseen horror
  8609 | D:11     | Found an opulent altar of Gozag.
  8773 | D:11     | Noticed a hill giant
  8787 | D:11     | Killed a hill giant
  9001 | D:11     | Reached skill level 10 in Shields
  9166 | D:11     | Found a staircase to the Orcish Mines.
  9168 | D:11     | Reached XP level 12. HP: 94/94 MP: 20/20
  9363 | Orc:1    | Entered Level 1 of the Orcish Mines
  9376 | Orc:1    | Noticed Gastronok
  9407 | Orc:1    | Received a gift from Okawaru
  9437 | Orc:1    | Killed Gastronok
  9799 | D:12     | Noticed a six-headed hydra
 10039 | D:12     | Received a gift from Okawaru
 10046 | D:12     | Reached skill level 10 in Fighting
 10349 | D:12     | Reached ****** piety under Okawaru
 10436 | Lair:1   | Entered Level 1 of the Lair of Beasts
 10772 | Lair:1   | Reached XP level 13. HP: 88/102 MP: 22/22
 10776 | Lair:1   | Noticed a six-headed hydra
 11020 | Lair:2   | Found a staircase to the Swamp.
 11166 | Lair:2   | Found a hole to the Spider Nest.
 11289 | Lair:2   | Received a gift from Okawaru
 12596 | Lair:3   | Noticed Sonja
 12625 | Lair:3   | Cast into level 1 of the Abyss (Sonja)
 12681 | Abyss:1  | Noticed a starcursed mass
 12693 | Abyss:1  | Killed a starcursed mass
 12699 | Abyss:1  | Noticed a Hell Sentinel
 12723 | Abyss:1  | Killed a Hell Sentinel
 12723 | Abyss:1  | Received a gift from Okawaru
 12755 | Abyss:1  | Killed from afar by a raiju

Vault maps used:
D:1:      dpeg_arrival_triangle_fractal
D:3:      first_bread, kennysheep_generic_room_10
D:4:      kennysheep_mini_moat, nicolae_overflow_crystal_walls,
          portal_sewer_entry_a, serial_bayou_lake_a, uniq_duvessa
D:5:      marbit_many_paths, minmay_holes, fountainhead,
          minmay_stone_trees_large, trog_hazing_becter
D:6:      nicolae_overflow_hidden_temple, kennysheep_mini,
          chequers_temple_overflow_minitemple, ashenzari_altar_1, serial_shops,
          nicolae_shop_behind_doors, nicolae_shop_behind_doors,
          nicolae_shop_trees
D:7:      kennysheep_little_box, lemuel_round_altar, lemuel_round_altar,
          chequers_ossuary_entry_cave
D:9:      uniq_joseph
D:10:     dpeg_lair_monsters, serial_shops, nicolae_shop_statue_plus,
          david_nohive_1, fedhas_altar_fruit_tree
D:11:     orc_0_dummy, basic_altar
D:12:     serial_park_tiny_pond
Temple:   eino_wide_crystal_templ
Lair:1:   st_stairs_3
Lair:2:   minmay_swamp_entry_reptiles, nicolae_spider_entry_tight_spaces
Lair:3:   special_room, uniq_sonja
Orc:1:    uniq_gastronok
Ossuary:  ossuary_tomb_2

Skill      XL: |  1  2  3  4  5  6  7  8  9 10 11 12 13 |
---------------+----------------------------------------+-----
Shields        | 4 5 6 7 8 10 11 12 | 12.1
Long Blades    | 3 4 6 7 8 9 11 12 13 | 13.3
Fighting       | 4 5 6 7 8 9 10 11 | 11.1
Invocations    | 3 6 9 11 12 13 | 13.8
Armour         | |  3.2

Action                   |  1- 3 |  4- 6 |  7- 9 | 10-12 | 13-15 || total
-------------------------+-------+-------+-------+-------+-------++-------
Melee: Long sword        |   113 |   124 |   561 |    32 |       ||   830
       Great sword       |       |       |       |   568 |   320 ||   888
Invok: Heroism           |       |       |     6 |     7 |     4 ||    17
       Finesse           |       |       |       |       |     1 ||     1
 Abil: Dig               |       |     1 |     6 |    12 |     4 ||    23
  Use: Scroll            |       |    13 |     1 |    15 |     2 ||    31
       Potion            |       |       |       |       |     3 ||     3
  Eat: Chunk             |     1 |     5 |    13 |    18 |     5 ||    42
       Fruit             |       |       |       |     2 |     1 ||     3
       Beef jerky        |       |       |       |     1 |       ||     1
Armor: Scale mail        |    60 |    44 |    99 |       |       ||   203
       Plate armour      |       |       |   176 |   307 |   180 ||   663
Dodge: Dodged            |    44 |    43 |   161 |   152 |   100 ||   500
Block: Shield            |    67 |    66 |   322 |   567 |   331 ||  1353
       Reflection        |       |       |       |    29 |     4 ||    33
       Rpst.: Long sword |    21 |    17 |    36 |       |       ||    74
       Great sword       |       |       |       |    35 |    30 ||    65
